 Dungeon Crawl Stone Soup version 0.30-a0-626-gd6a5dd7a1f (webtiles) character file.

Game seed: 13981220389323041146

1465 acebull12 the Covert (level 8, -17/42 HPs)
             Began as a Spriggan Brigand on Jan 11, 2023.
             Was an Initiate of Dithmenos.
             Demolished by an orc knight
             ... wielding a +0 halberd
              (20 damage)
             ... in a bailey.
             The game lasted 00:30:31 (8540 turns).

acebull12 the Covert (Spriggan Brigand)             Turns: 8540, Time: 00:30:32

Health: -17/42     AC:  4    Str:  7    XL:     8   Next: 48%
Magic:  14/14      EV: 19    Int: 13    God:    Dithmenos [......]
Gold:   265        SH:  5    Dex: 18    Spells: 13/14 levels left

rFire   . . .      SeeInvis +    a - +2 dagger
rCold   . . .      Faith    .    (no shield)
rNeg    . . .      Spirit   .    b - +0 robe
rPois   .          Reflect  +    (helmet restricted)
rElec   .          Harm     .    c - +1 cloak
rCorr   +          Rampage  .    (gloves unavailable)
Will    +....                    (boots unavailable)
Stlth   ++++                     i - amulet of reflection
HPRegen 0.27/turn                n - ring of resist corrosion
MPRegen 0.14/turn                (no ring)

@: very quick
A: very small, no large weapons, unfitting armour, see invisible, speed 3
a: Renounce Religion


You were in a bailey.
You worshipped Dithmenos.
Dithmenos was noncommittal.
You visited 2 branches of the dungeon, and saw 8 of its levels.
You also visited: Bailey.

You collected 265 gold pieces.

Inventory:

Hand Weapons
 a - a +2 dagger (weapon)
 z - a +0 short sword of electrocution
Missiles
 d - 7 poisoned darts (quivered)
 e - 3 curare-tipped darts
 h - 51 stones
Armour
 b - a +0 robe (worn)
 c - a +1 cloak (worn)
Jewellery
 i - an amulet of reflection (around neck)
 n - a ring of resist corrosion (left hand)
Wands
 l - a wand of light (4)
 A - a wand of flame (23)
 B - a wand of charming (6)
Scrolls
 g - 5 scrolls of teleportation
 j - a scroll of enchant armour
 m - a scroll of immolation
 s - 2 scrolls of fear {unknown}
 u - a scroll of poison
 y - a scroll of amnesia {unknown}
 E - a scroll of fog {unknown}
Potions
 f - 3 potions of resistance
 k - 3 potions of attraction
 o - 2 potions of curing {unknown}
 p - a potion of invisibility {unknown}
 r - a potion of lignification {unknown}
 t - 3 potions of haste {unknown}
 v - a potion of mutation {unknown}
 w - a potion of ambrosia {unknown}
 C - a potion of cancellation {unknown}
 D - a potion of might {unknown}


   Skills:
 * Level 3.9 Fighting
 + Level 6.0 Short Blades
 + Level 3.5 Throwing
 + Level 4.1 Dodging
 + Level 9.1 Stealth
 + Level 1.6 Shields
 * Level 3.5 Spellcasting
 * Level 3.2 Hexes
 + Level 0.6 Evocations


You had 13 spell levels left.
You knew the following spells:

 Your Spells              Type           Power      Damage    Failure   Level
a - Slow                  Hex            40%        N/A       5%          1

Your spell library contained the following spells:

 Spells                   Type           Power      Damage    Failure   Level
 Confusing Touch          Hex            10%        N/A       17%         3
 Sandblast                Erth           4%         2d4       22%         1
 Passwall                 Tmut/Erth      1%         N/A       32%         2
 Portal Projectile        Hex/Tloc       12%        N/A       32%         3
 Call Canine Familiar     Summ           2%         N/A       54%         3
 Stone Arrow              Conj/Erth      4%         3d7       54%         3
 Vampiric Draining        Necr           2%         2d6       54%         3
 Leda's Liquefaction      Hex/Erth       3%         N/A       73%         4


Dungeon Overview and Level Annotations

Branches:
Dungeon (7/15)             Temple (1/1) D:6          Bailey (1/1)

Altars:
Cheibriados
Dithmenos
Elyvilon
Kikubaaqudgha
Makhleb
Nemelex Xobeh
Okawaru
Sif Muna
Trog
Wu Jian
Xom
Zin

Shops:
D:3 =

Annotations:
D:3 1 transporter, CraigOfTheCreek's ghost, amateur GnWn


Innate Abilities, Weirdness & Mutations

You are very small and have problems with some larger weapons.
You are too small for most types of armour.
You have supernaturally acute eyesight. (SInv)
You cover ground extremely quickly. (Speed+++)


Message History

The gnoll dies!
Dithmenos accepts your kill.
The orc knight hits your gnoll with a +0 halberd!
There is an open door here.
Your gnoll completely misses the orc knight.
The orc knight misses you.
Your gnoll hits the orc knight with a +2 halberd of electrocution!
The orc knight hits you with a +0 halberd!!
You hit the orc knight.
The orc knight is moderately wounded.
Your gnoll closely misses the orc knight.
The orc knight barely misses you.
You hit the orc knight.
The orc knight is moderately wounded.
Your gnoll hits the orc knight with a +2 halberd of electrocution!
The orc knight barely misses you.
You barely miss the orc knight.
The orc knight is moderately wounded.
You hit the orc knight.
The orc knight is heavily wounded.
Your gnoll closely misses the orc knight.
The orc knight misses you.
You barely miss the orc knight.
The orc knight is heavily wounded.
Your gnoll hits the orc knight with a +2 halberd of electrocution!
You block the orc knight's attack.
You miss the orc knight.
The orc knight is severely wounded.
You hit the orc knight.
The orc knight is severely wounded.
Your gnoll misses the orc knight.
The orc knight hits you with a +0 halberd!
You hit the orc knight but do no damage.
The orc knight is severely wounded.
Your gnoll completely misses the orc knight.
The orc knight hits you with a +0 halberd!
* * * LOW HITPOINT WARNING * * *
Your gnoll completely misses the orc knight.
The orc knight hits you from afar with a +0 halberd!!
You die...

#)'..⌠..')#)'..∩..')
###.....#####.....##
##.....## ##.....##
##'##'##'###'##'##'#
#)###.###.#)###)###.
#'# ### ##### ### ##
#)###)###.#.#
##'##'##'# #+##+##+
##@....## !.!.!#
###.go..### .!.!.#
#.'..)..'.# !.g.!+
###.....### og.!.#
##.....## ##!.!.!#
##'##'##'###'#
#.###.###)')## ###
### #####


You could see an orc knight (ally target) and a friendly gnoll (charmed).

Vanquished Creatures
  An ogre (D:5)
  A centaur (D:6)
  A phantom (D:6)
  Blork the orc (D:4)
  2 bullfrogs
  3 necrophages
  3 scorpions
  A hound (D:6)
  2 jellies (D:6)
  2 gnoll boudas
  Natasha (thrice) (D:4)
  Ijyb (D:5)
  2 iguanas
  15 gnolls
  5 adders
  2 ufetubi
  2 worms
  4 dart slugs
  26 orcs
  4 ball pythons
  6 bats
  4 endoplasms (D:2)
  5 giant cockroaches
  14 hobgoblins
  6 jackals
  3 quokkas
  3 frilled lizards
  8 goblins
  5 kobolds
  9 rats
144 creatures vanquished.

Vanquished Creatures (collateral kills)
  A gnoll (Bailey)
1 creature vanquished.

Vanquished Creatures (others)
  An orc wizard (D:4)
  11 plants (D:1)
12 creatures vanquished.

Grand Total: 157 creatures vanquished

Notes
Turn   | Place    | Note
-------+----------+-------------------------------------------
     0 | D:1      | acebull12 the Spriggan Brigand began the quest for the Orb.
     0 | D:1      | Reached XP level 1. HP: 10/10 MP: 2/2
    58 | D:1      | Reached skill level 6 in Stealth
   235 | D:1      | Reached XP level 2. HP: 12/15 MP: 3/3
   645 | D:1      | Reached XP level 3. HP: 18/18 MP: 4/4
  1082 | D:2      | You fall into a shaft and drop 2 floors!
  1095 | D:4      | Found a glowing silver altar of Zin.
  1095 | D:4      | Found an ancient bone altar of Kikubaaqudgha.
  1095 | D:4      | Found a shimmering altar of Xom.
  1159 | D:4      | Noticed Natasha
  1169 | D:4      | Killed Natasha
  1170 | D:4      | Reached XP level 4. HP: 8/23 MP: 5/5
  1369 | D:2      | Reached skill level 7 in Stealth
  2025 | D:3      | Found a transporter.
  2028 | D:3      | Noticed CraigOfTheCreek's ghost (amateur GnWn)
  2030 | D:3      | Noticed an ogre
  2225 | D:3      | Found Wizifism's Jewellery Shoppe.
  2514 | D:3      | Identified the +4 giant club of the Wilderness {freeze,
                  | Will- Dex+3 SInv}
  2514 | D:3      | Noticed an ogre
  2666 | D:3      | Identified the +0 leather armour "Ocoedoz" {rElec}
  2986 | D:4      | Noticed Natasha
  2987 | D:4      | Noticed a scorpion
  3008 | D:4      | Killed Natasha
  3009 | D:4      | Reached XP level 5. HP: 21/26 MP: 6/6
  3034 | D:4      | Reached skill level 8 in Stealth
  3230 | D:4      | Noticed Blork the orc
  3454 | D:4      | Reached XP level 6. HP: 23/32 MP: 7/7
  3501 | D:4      | Noticed Natasha
  3519 | D:4      | Killed Natasha
  3713 | D:4      | Killed Blork the orc
  4201 | D:5      | Entered Level 5 of the Dungeon
  4685 | D:5      | Noticed Ijyb
  4692 | D:5      | Killed Ijyb
  4693 | D:5      | Reached skill level 1 in Shields
  4732 | D:5      | Learned a level 1 spell: Slow
  4817 | D:5      | Reached XP level 7. HP: 36/36 MP: 8/8
  5059 | D:4      | Reached skill level 1 in Spellcasting
  5335 | D:4      | Reached skill level 1 in Hexes
  5600 | D:5      | Reached skill level 5 in Short Blades
  6411 | D:6      | Found a staircase to the Ecumenical Temple.
  6418 | Temple   | Entered the Ecumenical Temple
  6537 | Temple   | Became a worshipper of Dithmenos the Shadowed
  6566 | D:6      | Reached XP level 8. HP: 40/40 MP: 12/12
  7090 | D:6      | Reached skill level 9 in Stealth
  7840 | D:7      | Found a flagged portal.
  7961 | Bailey   | Entered a bailey
  8504 | Bailey   | Noticed an orc knight
  8540 | Bailey   | Demolished by an orc knight

Illustrated notes

Levels and vault maps discovered:
D:1:      dpeg_arrival_pond, layout_rooms, serial_forest,
          infiniplex_forest_end_3, infiniplex_forest_diagonal,
          infiniplex_forest_lined_3, infiniplex_forest_clump_double,
          infiniplex_forest_end_3, infiniplex_forest_pool,
          infiniplex_forest_split, nicolae_grassy_gnolls
D:2:      layout_basic
D:3:      layout_loops_corners, serial_shops, shop, gammafunk_ghost_smash
D:4:      layout_basic, gammafunk_temple_overflow_claw, uniq_natasha,
          uniq_blork_the_orc
D:5:      layout_loops_cross, uniq_ijyb
D:6:      layout_cave_pools, minmay_temple_entry_ruins, serial_co_window_serial,
          co_window_paths_a, co_window_of_opportunity_a, co_window_paths_a,
          co_window_paths_b, co_window_of_opportunity_a, co_window_corner_a,
          co_window_paths_a, co_window_unsneaky_path_c,
          co_window_of_opportunity_b, co_window_corner_b, co_window_corner_b,
          co_window_broadway_c, co_window_sun, co_window_4corner_b,
          glass_columns_b, glass_columns_a, glass_columns_b, lightli_orcish_oven
D:7:      layout_gridville, enter_bailey_4, minmay_misc_feat_five,
          dreamdust_princess_corridor, uniq_maggie
Temple:   nicolae_temple_slightly_damp_pantheon
Bailey:   bailey_polearm_nasty_gnolls, bailey

Skill      XL: |  1  2  3  4  5  6  7  8 |
---------------+-------------------------+-----
Stealth        | 6 7 8 9 |  9.1
Fighting       | 2 3 |  3.9
Short Blades   | 3 4 5 6 |  6.0
Dodging        | 2 3 4 |  4.1
Shields        | 1 |  1.6
Spellcasting   | 2 3 |  3.5
Hexes          | 2 3 |  3.2
Throwing       | 3 |  3.5
Evocations     | |  0.6

Action                   |  1- 3 |  4- 6 |  7- 9 || total
-------------------------+-------+-------+-------++-------
Melee: Dagger            |   112 |   238 |   386 ||   736
       Short sword       |       |     5 |       ||     5
       Punch             |       |     5 |     8 ||    13
Throw: Dart              |     3 |    23 |    23 ||    49
 Cast: Slow              |       |       |    16 ||    16
Evoke: Wand              |       |       |     4 ||     4
  Use: Scroll            |       |       |     8 ||     8
 Stab: Sleeping          |     9 |    15 |    17 ||    41
       Distracted        |       |     2 |       ||     2
Armor: Robe              |    22 |    13 |    12 ||    47
Dodge: Dodged            |    56 |   105 |   182 ||   343
Block: Other             |    17 |    29 |    61 ||   107

Table legend: (Time is in decaauts)
 A = Elapsed time spent in this place.
 B = Non-inter-level travel time spent in this place.
 C = Inter-level travel time spent in this place.
 D = Time resting spent in this place.
 E = Time spent auto-exploring this place.
 F = Levels seen in this place.
 G = Mean time per level.
                   A        B        C        D        E       F      G
               +--------+--------+--------+--------+--------+-----+--------+
         Total |   6072 |   5743 |    329 |   1107 |   2435 |   9 |  674.7 |
       Dungeon |   5503 |   5197 |    306 |    839 |   2380 |   7 |  786.1 |
        Temple |     85 |     63 |     22 |      0 |     54 |   1 |   85.0 |
        Bailey |    483 |    483 |      0 |    268 |      0 |   1 |  483.0 |
               +--------+--------+--------+--------+--------+-----+--------+

Top non-repeatable levels by time:
     D:4: 1530 daAuts
     D:5: 1115 daAuts
     D:6: 919 daAuts
     D:2: 646 daAuts
     D:3: 612 daAuts
     D:1: 555 daAuts
  Bailey: 483 daAuts
     D:7: 123 daAuts
  Temple: 85 daAuts
